 Dungeon Crawl Stone Soup version 0.23-a0-395-gcf17ac6 (webtiles) character file.

30 Azzok the Firebug (level 3, 24/24 HPs)
             Began as a Demonspawn Fire Elementalist on Nov 1, 2018.
             Quit the game on level 1 of the Dungeon.
             The game lasted 00:01:39 (1157 turns).

Azzok the Firebug (Demonspawn Fire Elementalist)    Turns: 1157, Time: 00:01:40

Health: 24/24      AC:  2    Str:  8    XL:     3   Next: 5%
Magic:  1/6        EV: 12    Int: 17    God:
Gold:   19         SH:  0    Dex: 13    Spells: 5/6 levels left

rFire    . . .     SeeInvis .   (no weapon)
rCold    . . .     Gourm    .   (no shield)
rNeg     . . .     Faith    .   a - +0 robe
rPois    .         Spirit   .   (helmet restricted)
rElec    .         Reflect  .   (no cloak)
rCorr    .         Harm     .   (no gloves)
MR       .....                  (no boots)
Stlth    ++........             (no amulet)
HPRegen  0.08/turn              (no ring)
MPRegen  0.10/turn              (no ring)

@: no status effects
A: antennae 1, talons 1
a: no special abilities


You were on level 1 of the Dungeon.
You were hungry.

You visited 1 branch of the dungeon, and saw 1 of its levels.

You collected 19 gold pieces.

Inventory:

Armour
 a - a +0 robe (worn)
Potions
 b - a potion of flight {unknown}
 d - a potion of mutation {unknown}
 e - a potion of brilliance {unknown}
Comestibles
 c - 3 rations
 f - 3 chunks of flesh


   Skills:
 - Level 1.7 Dodging
 - Level 1.7 Stealth
 - Level 2.0 Spellcasting
 + Level 2.2 Conjurations
 + Level 3.3 Fire Magic


You had 5 spell levels left.
You knew the following spells:

 Your Spells              Type           Power        Failure   Level  Hunger
a - Flame Tongue          Conj/Fire      ##...        6%          1    #......

Your spell library contained the following spells:

 Spells                   Type           Power        Failure   Level  Hunger
 Throw Flame              Conj/Fire      ##....       10%         2    ###....
 Conjure Flame            Conj/Fire      ##......     19%         3    ###....
 Inner Flame              Hex/Fire       #.......     30%         3    ###....
 Sticky Flame             Conj/Fire      ##......     52%         4    #####..
 Fireball                 Conj/Fire      ##........   86%         5    ######.


Dungeon Overview and Level Annotations

Branches:
Dungeon (1/15)

Altars:


Innate Abilities, Weirdness & Mutations

You have a pair of small antennae on your head.
You have sharp toenails.


Message History

Confirm with . or Enter, or press ? or * to list all spells.
You don't have enough magic to cast that spell.
Casting: Flame Tongue (safe; 6% risk of failure)
Confirm with . or Enter, or press ? or * to list all spells.
You don't have enough magic to cast that spell.
You barely miss the frilled lizard. Your kick misses the frilled lizard.
The frilled lizard is heavily wounded.
The frilled lizard closely misses you.
You closely miss the frilled lizard.
The frilled lizard is heavily wounded.
The frilled lizard bites you but does no damage.
You miss the frilled lizard.
The frilled lizard is heavily wounded.
The frilled lizard closely misses you.
You hit the frilled lizard.
You kill the frilled lizard!
You can't go up here!
Unknown command.
Okay, then.
Are you sure you want to abandon this character and quit the game? (Confirm

▒·····▒··)················
▒·····▒···················
▒·····▒···················
▒▒▒▒▒▒▒···················
▒······(············
▒············ ···
▒▒▒··)······· ··
▒▒▒▒▒▒···(····· ▒
▒·····@······· ▒▒▒
▒············· ···
▒············· ···
▒··········▒▒▒·········
▒············ ·········
▒·····▒······▒········▒
▒····· ······▒········▒
▒▒▒▒·· ······▒········▒
········▒


There were no monsters in sight!

Vanquished Creatures
  A leopard gecko (D:1)
  5 bats (D:1)
  5 giant cockroaches (D:1)
  3 goblins (D:1)
  A hobgoblin (D:1)
  A jackal (D:1)
  5 frilled lizards (D:1)
  2 kobolds (D:1)
  5 rats (D:1)
28 creatures vanquished.

Notes
Turn   | Place    | Note
-------+----------+-------------------------------------------
     0 | D:1      | Azzok the Demonspawn Fire Elementalist began the quest for
                  | the Orb.
     0 | D:1      | Reached XP level 1. HP: 13/13 MP: 3/3
   429 | D:1      | Reached skill level 3 in Fire Magic
   549 | D:1      | Gained mutation: You have sharp toenails. [demonic
                  | ancestry]
   549 | D:1      | Reached XP level 2. HP: 19/19 MP: 3/5
  1148 | D:1      | Gained mutation: You have a pair of small antennae on your
                  | head. [demonic ancestry]
  1148 | D:1      | Reached XP level 3. HP: 24/24 MP: 3/6
  1157 | D:1      | Quit the game

Vault maps used:
D:1:      dpeg_arrival_radiant

Skill      XL: |  1  2 |
---------------+-------+-----
Fire Magic     | 3 |  3.3
Conjurations   | 2 |  2.2
Dodging        | |  1.7
Stealth        | |  1.7
Spellcasting   | |  2.0

Action                   || total
-------------------------++-------
Melee: Unarmed           ||    28
       Kick              ||     2
 Cast: Flame Tongue      ||    47
  Eat: Chunk             ||     1
Armor: Robe              ||    13
Dodge: Dodged            ||    47

Table legend:
 A = Non-vault XP
 B = Vault XP
 C = Vault XP percentage of total XP
 D = Non-vault monster count
 E = Vault monster count
 F = Vault count percentage of total count
                 A         B        C        D         E       F
            +---------+---------+-------+---------+---------+-------
      Total |      44 |       0 |   0.0 |      28 |       0 |   0.0
            +---------+---------+-------+---------+---------+-------
        D:1 |      44 |       0 |   0.0 |      28 |       0 |   0.0
            +---------+---------+-------+---------+---------+-------
